 Dungeon Crawl Stone Soup version 0.30-a0-793-g160f7cfddd (webtiles) character file.

Game seed: 14624818562191912631

899 Esekla the Covert (level 8, -11/54 HPs)
             Began as an Octopode Delver on Feb 19, 2023.
             Was an Initiate of Gozag.
             Mangled by a two-headed ogre
             ... wielding a +0 giant club
              (17 damage)
             ... on level 5 of the Dungeon.
             The game lasted 00:23:18 (5087 turns).

Esekla the Covert (Octopode Delver)                 Turns: 5087, Time: 00:23:19

Health: -11/54     AC:  1    Str: 12    XL:     8   Next: 7%
Magic:  20/20      EV: 14    Int: 14    God:    Gozag
Gold:   994        SH:  0    Dex: 13    Spells: 8/11 levels left

rFire   . . .      SeeInvis +    s - +6 dagger
rCold   . . .      Faith    .    (no shield)
rNeg    . . .      Spirit   .    (helmet restricted)
rPois   +          Reflect  .    (no amulet)
rElec   .          Harm     .    i - ring "Codytaar" {rPois SInv}
rCorr   .          Rampage  .    A - ring of magical power
Will    .....                    (no ring)
Stlth   +++++                    (no ring)
HPRegen 0.29/turn                (no ring)
MPRegen 0.17/turn                (no ring)
                                 (no ring)
                                 (no ring)

@: no status effects
A: almost no armour, amphibious, 8 rings, camouflage 1, gelatinous body 1,
(nimble swimmer 1), tentacles
a: Renounce Religion, Potion Petition, Call Merchant, Bribe Branch


You were on level 5 of the Dungeon.
You worshipped Gozag.
Gozag was pleased with you.
You visited 1 branch of the dungeon, and saw 6 of its levels.

You collected 1012 gold pieces.
You paid 18 gold pieces to Gozag.

Inventory:

Hand Weapons
 a - a +0 falchion
 r - a +0 trident
 s - a +6 dagger (weapon)
 v - a +0 dagger of venom
Missiles
 x - 4 javelins
 C - 3 boomerangs (quivered)
Jewellery
 i - the ring "Codytaar" (left tentacle) {rPois SInv}
   (You found it on level 4 of the Dungeon)

   [ring of see invisible]

   rPois:     It protects you from poison.
   SInv:      It lets you see invisible.
 y - a ring of fire
 A - a ring of magical power (right tentacle)
Wands
 f - a wand of digging (2)
Scrolls
 b - a scroll of fog
 d - a scroll of fear
 h - 2 scrolls of identify {unknown}
 l - 2 scrolls of magic mapping
 n - 2 scrolls of enchant weapon {unknown}
 p - 2 scrolls of acquirement {unknown}
 t - a scroll of noise {unknown}
 w - a scroll of teleportation {unknown}
 z - a scroll of vulnerability {unknown}
Potions
 c - 2 potions of brilliance {unknown}
 e - 3 potions of haste
 g - 2 potions of mutation {unknown}
 j - a potion of heal wounds {unknown}
 k - a potion of might {unknown}
 m - a potion of attraction {unknown}
 o - 2 potions of flight {unknown}
 q - a potion of cancellation {unknown}
 u - 3 potions of curing {unknown}
 B - a potion of ambrosia {unknown}


   Skills:
 * Level 4.5 Fighting
 + Level 2.1(3.7) Short Blades
 * Level 4.8(5.0) Long Blades
 + Level 0.1 Throwing
 * Level 3.4 Dodging
 + Level 8.8 Stealth
 * Level 2.4 Spellcasting
 * Level 2.3 Ice Magic


You had 8 spell levels left.
You knew the following spells:

 Your Spells              Type           Power      Damage    Failure   Level
r - Frozen Ramparts       Ice            16%        1d3       26%         3

Your spell library contained the following spells:

 Spells                   Type           Power      Damage    Failure   Level
 Freeze                   Ice            32%        1d5       9%          1
 Kiss of Death            Conj/Necr      4%         2d5       22%         1
 Hailstorm                Conj/Ice       4%         3d4       38%         3
 Confusing Touch          Hex            1%         N/A       56%         3
 Dispel Undead            Necr           1%         3d6       92%         4


Dungeon Overview and Level Annotations

Branches:
Dungeon (6/15)
 Temple: D:4-7

Altars:
Elyvilon
Gozag
Hepliaklqana
Makhleb
Nemelex Xobeh
Okawaru
Uskayaw

Annotations:
D:5 single & 2 headed ogres


Innate Abilities, Weirdness & Mutations

You cannot wear most types of armour.
You are amphibious.
You can wear up to eight rings at the same time.
Your skin changes colour to match your surroundings (Stealth+).
Your rubbery body absorbs attacks. (AC +1, EV +1)
((You are camouflaged when in or above water. (Stealth+)))
You have tentacles for arms and can constrict up to eight enemies at once.


Message History

You constrict the bullfrog zombie. The bullfrog zombie closely misses you.
You hit the bullfrog zombie. You squeeze the bullfrog zombie!
The bullfrog zombie is heavily damaged.
You constrict the bullfrog zombie. The bullfrog skeleton hits you.
The bullfrog zombie barely misses you.
You hit the bullfrog zombie. You squeeze the bullfrog zombie.
The bullfrog zombie is almost destroyed.
You constrict the bullfrog zombie. The bullfrog skeleton hits you.
The bullfrog zombie is distracted by your dazzling golden aura.
The bullfrog skeleton barely misses you.
You puncture the bullfrog zombie!
You destroy the bullfrog zombie!
The bullfrog skeleton closely misses you.
You have reached level 8!
You hit the bullfrog skeleton. You grab the bullfrog skeleton.
The bullfrog skeleton is lightly damaged.
You constrict the bullfrog skeleton. The bullfrog skeleton hits you.
You puncture the bullfrog skeleton!
The bullfrog skeleton is heavily damaged.
You constrict the bullfrog skeleton. The bullfrog skeleton hits you.
You puncture the bullfrog skeleton!
You tentacle-slap the bullfrog skeleton.
The bullfrog skeleton is almost destroyed.
You constrict the bullfrog skeleton. The bullfrog skeleton hits you.
You puncture the bullfrog skeleton!
You destroy the bullfrog skeleton!
Your Ice Magic skill increases to level 2!
You now have 988 gold pieces (gained 12).
You now have 994 gold pieces (gained 6).
You start resting.
A bullfrog skeleton is nearby!
There is a stone staircase leading up, spattered with blood here.
You climb upwards.
Level annotation: single & 2 headed ogres The two-headed ogre shouts in stereo!
The two-headed ogre hits you with a +0 giant club!!
* * * LOW HITPOINT WARNING * * *
The two-headed ogre hits you with a +0 giant club!
You die...
Your body crumbles into a pile of gold.

#...# #...#####
#...#...#
###########...#...#
.....#........'...#
####.#.##.....##'##
...#.<........##.#
#..#.#.#......##.#
...............O@##
#....#.....####...#
##.######### #...#
...# #...# .###
#...# .# #...#
.###### #...#
.##...##########'##
.''...........##.#


You could see a two-headed ogre.

Vanquished Creatures
  A phantom (D:5)
  A bullfrog (D:5)
  2 scorpions
  2 necrophages
  A water moccasin zombie (D:6)
  A bullfrog zombie (D:6)
  3 hounds
  2 jellies (D:4)
  An orc priest (D:3)
  A bullfrog skeleton (D:6)
  3 orc wizards
  7 adders
  5 dart slugs
  3 orcs
  9 ball pythons
  6 endoplasms
  2 giant cockroaches
  8 goblins
  6 hobgoblins
  5 jackals
  5 quokkas
  6 bats
  4 frilled lizards
  5 kobolds
  8 rats
97 creatures vanquished.

Vanquished Creatures (others)
  4 plants (D:3)
  A withered plant (D:6)
5 creatures vanquished.

Grand Total: 102 creatures vanquished

Notes
Turn   | Place    | Note
-------+----------+-------------------------------------------
     0 | D:5      | Esekla the Octopode Delver began the quest for the Orb.
     0 | D:5      | Reached XP level 1. HP: 16/16 MP: 1/1
     8 | D:5      | Noticed a hound
    82 | D:5      | Found an opulent altar of Gozag.
   115 | D:5      | Became a worshipper of Gozag Ym Sagoz the Greedy
   141 | D:5      | Noticed a scorpion
   267 | D:4      | Identified the ring "Codytaar" {rPois SInv}
   299 | D:4      | Found a hazy altar of Hepliaklqana.
   347 | D:3      | Reached XP level 2. HP: 21/21 MP: 2/2
   594 | D:2      | Found a sparkling altar of Nemelex Xobeh.
   743 | D:1      | Reached skill level 7 in Stealth
   784 | D:1      | Reached XP level 3. HP: 26/26 MP: 3/3
  1647 | D:2      | Reached XP level 4. HP: 31/31 MP: 5/5
  1667 | D:2      | Reached skill level 1 in Spellcasting
  2211 | D:3      | Found a burning altar of Makhleb.
  2217 | D:3      | Found an iron altar of Okawaru.
  2309 | D:3      | Found a white marble altar of Elyvilon.
  2628 | D:4      | Reached XP level 5. HP: 34/36 MP: 6/6
  2715 | D:4      | Identified the +8 war axe of Kismet {heavy, Dex+6}
  2858 | D:5      | Reached skill level 1 in Short Blades
  2858 | D:5      | Reached skill level 8 in Stealth
  2988 | D:5      | Reached XP level 6. HP: 43/43 MP: 8/8
  3350 | D:5      | Noticed an ice beast
  3523 | D:4      | Learned a level 3 spell: Frozen Ramparts
  3531 | D:4      | Reached XP level 7. HP: 36/47 MP: 8/10
  4366 | D:6      | Noticed a two-headed ogre
  4383 | D:5      | Reached skill level 1 in Ice Magic
  4682 | D:6      | Found a hide-covered altar of Uskayaw.
  5053 | D:6      | Reached XP level 8. HP: 38/54 MP: 11/11
  5087 | D:5      | Mangled by a two-headed ogre

Illustrated notes

Levels and vault maps discovered:
D:1:      co_arrival_square_in_a_square_in_a_square, layout_loops_corners
D:2:      kb_forest_paths, layout_basic, basic_altar
D:3:      layout_rooms, nicolae_elyvilon_temple_path, jmf_multi_god_temple,
          minmay_misc_feat_enclosed, patterned_corridor
D:4:      layout_basic, mainiacjoe_overflow_brackets,
          nicolae_ossuary_entry_ruins, hangedman_feature_mirror,
          due_unseen_surprise
D:5:      layout_basic, grunt_gozag_breadcrumbs
D:6:      layout_cave_pools, mainiacjoe_overflow_boulevard,
          nicolae_uskayaw_suspiria, lemuel_temple_firewalk_b, serial_undead,
          serial_undead_e, serial_undead_c, serial_undead_a, serial_undead_f,
          serial_undead_e

Skill      XL: |  1  2  3  4  5  6  7  8 |
---------------+-------------------------+-----
Stealth        | 7 8 |  8.8
Spellcasting   | 1 2 |  2.4
Long Blades    | 3 4 |  4.8
Short Blades   | 1 2 |  2.1
Dodging        | 3 |  3.4
Fighting       | 4 |  4.5
Ice Magic      | 1 2 |  2.3
Throwing       | |  0.1

Action                     |  1- 3 |  4- 6 |  7- 9 || total
---------------------------+-------+-------+-------++-------
  Melee: Falchion          |    43 |    48 |    15 ||   106
         Constrict         |    13 |    16 |    10 ||    39
         Tentacles         |     6 |    21 |    16 ||    43
         Dagger            |    15 |    32 |    43 ||    90
         Punch             |       |       |     1 ||     1
  Throw: Javelin           |       |       |     2 ||     2
         Boomerang         |       |       |     1 ||     1
   Cast: Frozen Ramparts   |       |       |     1 ||     1
  Evoke: Wand              |       |       |     1 ||     1
    Use: Scroll            |     1 |     2 |     1 ||     4
   Stab: Sleeping          |    17 |    14 |     3 ||    34
 Armour: Skin              |     3 |     5 |       ||     8
  Dodge: Dodged            |    20 |    51 |    49 ||   120

Table legend: (Time is in decaauts)
 A = Elapsed time spent in this place.
 B = Non-inter-level travel time spent in this place.
 C = Inter-level travel time spent in this place.
 D = Time resting spent in this place.
 E = Time spent auto-exploring this place.
 F = Levels seen in this place.
 G = Mean time per level.
                   A        B        C        D        E       F      G
               +--------+--------+--------+--------+--------+-----+--------+
         Total |   5076 |   4765 |    311 |    847 |   1470 |   6 |  846.0 |
       Dungeon |   5076 |   4765 |    311 |    847 |   1470 |   6 |  846.0 |
               +--------+--------+--------+--------+--------+-----+--------+

Top non-repeatable levels by time:
     D:5: 1297 daAuts
     D:4: 1066 daAuts
     D:3: 858 daAuts
     D:2: 856 daAuts
     D:1: 819 daAuts
     D:6: 179 daAuts
